 Dungeon Crawl Stone Soup version 0.31-a0-355-g57cb03d3e8 (webtiles) character file.

Game seed: 2391720512960178435

15133 bobarctor the Brawler (level 11, -18/100 HPs)
             Began as a Troll Berserker on July 24, 2023.
             Was an Elder of Trog.
             Demolished by a skyshark (26 damage)
             ... on level 3 of the Lair of Beasts.
             The game lasted 00:43:05 (9779 turns).

bobarctor the Brawler (Troll Berserker)             Turns: 9779, Time: 00:43:07

Health: -18/100    AC:  8    Str: 27    XL:     11   Next: 97%
Magic:  10/10      EV:  6    Int:  3    God:    Trog [****..]
Gold:   525        SH: 32    Dex: 13    Spells: 10/10 levels left

rFire   . .          .
                       - Unarmed
rCold   . . .        E - +18 shield of the Gong {Loud rN+ Will+ rCorr EV-5}
rNeg    + + .        j - +0 steam dragon scales
rPois   +            (helmet restricted)
rElec   .            B - scarf {shadows}
rCorr   +            (gloves unavailable)
SInv    .            (boots unavailable)
Will    +++..        v - amulet of reflection
Stlth   ++           r - ring of poison resistance
HPRegen 2.16/turn    L - ring of positive energy
MPRegen 0.12/turn

%: reflection
@: mighty, strong-willed (expiring), on berserk cooldown, regenerating
(expiring), slowed, studying Staves, very slow
A: large, unfitting armour, claws 3, regeneration 1, shaggy fur 2, tough skin 1,
MP-powered wands
a: Renounce Religion, Berserk, Trog's Hand, Brothers in Arms


You were on level 3 of the Lair of Beasts.
You worshipped Trog.
Trog was greatly pleased with you.
You visited 3 branches of the dungeon, and saw 14 of its levels.

You collected 751 gold pieces.
You spent 226 gold pieces at shops.

Inventory:

Missiles
 b - 42 poisoned darts (quivered)
 c - 9 boomerangs
 m - 6 atropa-tipped darts
 q - 5 javelins
 D - 6 curare-tipped darts
 J - 4 datura-tipped darts
Armour
 a - a +0 animal skin
 e - a +0 cloak
 j - +0 steam dragon scales (worn)
 B - a scarf of shadows (worn)
 C - a +1 robe of cold resistance
 E - the +18 shield of the Gong (worn) {Loud rN+ Will+ rCorr EV-5}
   (You found it on level 10 of the Dungeon)

   Loud:      It is deafeningly noisy when blocking attacks.
   EV:        It affects your evasion (-5).
   rN:        It protects you from negative energy.
   rCorr:     It protects you from acid and corrosion.
   Will:      It increases your willpower.
 K - a +2 kite shield of positive energy
Jewellery
 r - a ring of poison resistance (left claw)
 v - an amulet of reflection (around neck)
 L - a ring of positive energy (right claw)
 N - an amulet of magic regeneration
 O - an amulet of guardian spirit
Talismans
 M - a dragon-blood talisman
Wands
 k - a wand of flame (21)
 p - a wand of digging (8)
 F - a wand of light (4)
Scrolls
 d - 2 scrolls of revelation {unknown}
 f - 5 scrolls of identify
 h - a scroll of noise {unknown}
 n - 3 scrolls of blinking {unknown}
 o - a scroll of fog {unknown}
 s - a scroll of torment {unknown}
 t - a scroll of enchant armour {unknown}
 u - 2 scrolls of enchant weapon {unknown}
 w - a scroll of fear {unknown}
 y - 4 scrolls of teleportation {unknown}
 A - a scroll of brand weapon {unknown}
 G - a scroll of poison {unknown}
 H - a scroll of vulnerability {unknown}
 I - a scroll of immolation {unknown}
Potions
 g - 13 potions of ambrosia
 i - a potion of enlightenment
 l - 3 potions of might
 x - 7 potions of curing
 z - a potion of haste


   Skills:
 + Level 4.1 Fighting
 + Level 2.3 Throwing
 + Level 5.9 Dodging
 + Level 1.8 Stealth
 * Level 6.1 Shields
 * Level 15.9 Unarmed Combat
 * Level 2.0 Shapeshifting


You had 10 spell levels left.
You didn't know any spells.
Your spell library was empty.

Dungeon Overview and Level Annotations

Branches:
Dungeon (10/15)            Temple (1/1) D:5            Lair (3/5) D:10
  Swamp (0/4) Lair:2        Snake (0/4) Lair:2
    Orc: D:9-12

Altars:
Ashenzari
Cheibriados
Dithmenos
Elyvilon
Fedhas
Gozag
Hepliaklqana
Kikubaaqudgha
Makhleb
Nemelex Xobeh
Okawaru
Qazlal
Ru
Sif Muna
Trog
Uskayaw
Vehumet
Wu Jian
Xom
Yredelemnul
Zin
The Shining One
Lugonu

Shops:
D:3 (   D:5 *   D:8 !

Portals:
Abyss: Lair:1

Annotations:
Lair:1 3 runed translucent doors, Kocvedd's ghost, journeyman DDFi


Innate Abilities, Weirdness & Mutations

You are too large for most types of armour.
You have claws for hands.
Your natural rate of healing is unusually fast.
You are covered in thick fur. (AC +2)
You have tough skin. (AC +1)
You expend magic power (3 MP) to strengthen your wands.


Message History

You block the skyshark's attack.
SHROANNG!
The elephant tramples the fungus!
The elephant trunk-slaps the fungus.
The death yak gores the fungus!
You hear an angry hiss.
You hear a bellow!
You feel very mighty all of a sudden.
You feel the effects of Trog's Hand fading.
You feel sick. You block the skyshark's attack.
BONNNG!
The skyshark tail-slaps you but does no damage.
You block the skyshark's attack.
BOUMMMMG!
You block the skyshark's attack.
GONNNNG!
The skyshark tail-slaps you.
* * * LOW HITPOINT WARNING * * *
You block the skyshark's attack.
GONNNNG!
The elephant tramples the fungus!
The elephant trunk-slaps the fungus.
The elephant tramples the fungus!!
The elephant trunk-slaps the fungus.
The skyshark bites you!!
* * * LOW HITPOINT WARNING * * *
The skyshark tail-slaps you.
* * * LOW HITPOINT WARNING * * *
You block the skyshark's attack.
PTOANNNG!
The elephant tramples the fungus.
The elephant trunk-slaps the fungus.
The death yak gores the fungus!!
You hear an angry hiss.
You hear an angry growl.
You hear an angry hiss.
You hear a bellow! x2
Okay, then.
Okay, then.
You feel better.
A nearby fungus withers and dies.
The skyshark bites you!
* * * LOW HITPOINT WARNING * * *
You block the skyshark's attack.
GONNNNG!
You block the skyshark's attack.
PTOANNNG!
The skyshark bites you!!
You die...

# P### ... ..#
#.## . #..#....
#@##..P...#
##l##....#..
#YYY..##...P
#.Y##.#P.#.#
##SY#.#...^....
##.S.l..lY.?...
#....S....P.P..
#..##Y#........
#.##...#....P#.


You could see 2 death yaks, a skyshark (berserk), 3 elephants, a black mamba and
a water moccasin.

Vanquished Creatures
  A bog body (Lair:2)
  2 vault sentinels (D:10)
  A black mamba (Lair:1)
  An unseen horror (D:10)
  4 cane toads
  4 komodo dragons
  2 hornets
  A queen bee (Lair:2)
  A troll (D:6)
  2 dream sheep (Lair:2)
  A vampire (D:8)
  A wraith (D:9)
  6 yaks (Lair:1)
  3 basilisks
  3 wyverns
  3 steam dragons
  3 nagas (Lair:2)
  Duvessa (D:4)
  8 water moccasins
  4 orc warriors
  An ice beast (D:5)
  A black bear (D:10)
  A wolf (D:10)
  3 ogres
  4 centaurs
  2 phantoms
  2 kobold brigands
  8 bullfrogs
  2 gnoll sergeants
  A wight (D:6)
  Dowan (D:4)
  38 killer bees
  4 orc priests
  A quasit (D:5)
  A gnoll bouda (D:7)
  A hound (D:7)
  A sleepcap (D:6)
  Crazy Yiuf (D:5)
  6 iguanas
  5 orc wizards
  14 gnolls
  11 adders
  4 shadow imps
  4 white imps
  6 ufetubi (D:5)
  3 worms
  13 orcs
  8 ball pythons
  3 endoplasms
  3 giant cockroaches
  6 hobgoblins
  3 jackals (D:3)
  4 quokkas
  3 bats
  5 frilled lizards
  6 goblins
  16 kobolds
  4 rats
252 creatures vanquished.

Vanquished Creatures (collateral kills)
  A gargoyle (D:10)
  A shadow (D:10)
  A wraith (D:10)
  A wyvern (D:10)
  A yak (Lair:1)
  A basilisk (D:10)
  2 water moccasins
  2 black bears (D:10)
  A wolf (D:10)
  A bullfrog (Lair:1)
  An iguana (D:10)
  A lurking horror (Lair:1)
14 creatures vanquished.

Vanquished Creatures (others)
  2 kobolds (D:9)
2 creatures vanquished.

Grand Total: 268 creatures vanquished

Notes
Turn   | Place    | Note
-------+----------+-------------------------------------------
     0 | D:1      | bobarctor the Troll Berserker began the quest for the Orb.
     0 | D:1      | Reached XP level 1. HP: 22/22 MP: 0/0
   140 | D:1      | You fall into a shaft and drop 1 floor!
   162 | D:2      | Reached XP level 2. HP: 29/29 MP: 1/1
   309 | D:2      | Reached XP level 3. HP: 36/36 MP: 2/2
   821 | D:2      | Reached skill level 4 in Unarmed Combat
  1060 | D:2      | Found a faded altar of an unknown god.
  1213 | D:3      | Reached ** piety under Trog
  1308 | D:3      | Reached XP level 4. HP: 40/44 MP: 3/3
  1317 | D:3      | Found Sedgh's Weapon Boutique.
  2236 | D:4      | Noticed Dowan
  2237 | D:4      | Noticed Duvessa
  2252 | D:4      | Killed Duvessa
  2253 | D:4      | Reached skill level 5 in Unarmed Combat
  2253 | D:4      | Reached XP level 5. HP: 36/52 MP: 4/4
  2254 | D:4      | Killed Dowan
  2304 | D:4      | Reached XP level 6. HP: 34/61 MP: 5/5
  2381 | D:4      | Reached skill level 6 in Unarmed Combat
  2685 | D:5      | Entered Level 5 of the Dungeon
  2810 | D:5      | Reached *** piety under Trog
  2811 | D:5      | Reached XP level 7. HP: 67/67 MP: 6/6
  2814 | D:5      | Reached skill level 7 in Unarmed Combat
  2945 | D:5      | Found a staircase to the Ecumenical Temple.
  2961 | Temple   | Entered the Ecumenical Temple
  3028 | D:5      | Found Cyimuuse's General Store.
  3036 | D:5      | Bought a scroll of identify for 26 gold pieces
  3046 | D:5      | Gained mutation: You are partially covered in large bone
                  | plates. (SH +4) [potion of mutation]
  3046 | D:5      | Gained mutation: You have hidden genetic potential. [potion
                  | of mutation]
  3046 | D:5      | Gained mutation: Your body sometimes deteriorates upon
                  | taking damage. [potion of mutation]
  3249 | D:5      | Found a sparkling altar of Nemelex Xobeh.
  3322 | D:5      | Reached skill level 8 in Unarmed Combat
  3836 | D:5      | Found a runed translucent door.
  3837 | D:5      | Noticed Crazy Yiuf
  3842 | D:5      | Killed Crazy Yiuf
  3896 | D:6      | Noticed a +0 short sword
  3898 | D:6      | Noticed a +0 dagger
  3898 | D:6      | Noticed a +0 falchion
  3899 | D:6      | Noticed a +0 dagger
  4065 | D:6      | Found a shadowy altar of Dithmenos.
  4138 | D:6      | Reached XP level 8. HP: 74/75 MP: 7/7
  4275 | D:6      | Noticed a +0 spear
  4275 | D:6      | Noticed a +0 short sword
  4275 | D:6      | Noticed a +0 spear
  4277 | D:6      | Noticed a +0 falchion
  4360 | D:6      | Found a hide-covered altar of Uskayaw.
  4552 | D:6      | Noticed a troll
  4558 | D:6      | Killed a troll
  4559 | D:6      | Reached skill level 9 in Unarmed Combat
  4564 | D:6      | Gained mutation: You expend magic power (3 MP) to
                  | strengthen your wands. [hidden potential]
  4585 | D:6      | Reached skill level 1 in Shields
  4639 | D:7      | Reached skill level 10 in Unarmed Combat
  4965 | D:7      | Reached XP level 9. HP: 82/83 MP: 8/8
  5196 | D:7      | Reached skill level 1 in Throwing
  5203 | D:7      | Reached skill level 11 in Unarmed Combat
  5303 | D:8      | Gained mutation: You are covered in thick fur. (AC +2)
                  | [hidden potential]
  5303 | D:8      | Lost mutation: You have hidden genetic potential. [hidden
                  | potential expressed]
  5386 | D:8      | Reached skill level 1 in Stealth
  5571 | D:8      | Found Wilef's Distillery.
  5581 | D:8      | Bought a potion of curing for 30 gold pieces
  5581 | D:8      | Bought 2 potions of curing for 60 gold pieces
  5581 | D:8      | Bought a potion of curing for 30 gold pieces
  5581 | D:8      | Bought a potion of mutation for 80 gold pieces
  5581 | D:8      | Lost mutation: Your body sometimes deteriorates upon taking
                  | damage. [potion of mutation]
  5581 | D:8      | Lost mutation: You are partially covered in large bone
                  | plates. (SH +4) [potion of mutation]
  5669 | D:8      | Found an opulent altar of Gozag.
  5842 | D:8      | Reached skill level 12 in Unarmed Combat
  6013 | D:9      | Reached **** piety under Trog
  6210 | D:9      | Reached XP level 10. HP: 92/92 MP: 9/9
  6275 | D:9      | Found a stormy altar of Qazlal.
  6387 | D:9      | Reached skill level 13 in Unarmed Combat
  6460 | D:9      | Reached skill level 5 in Dodging
  6533 | D:9      | Found a white marble altar of Elyvilon.
  6617 | D:10     | Entered Level 10 of the Dungeon
  6732 | D:10     | Noticed a vault sentinel
  6739 | D:10     | Noticed a vault sentinel
  6757 | D:10     | Killed a vault sentinel
  6760 | D:10     | Killed a vault sentinel
  6773 | D:10     | Noticed a gargoyle
  6776 | D:10     | Killed a gargoyle
  6777 | D:10     | Reached skill level 14 in Unarmed Combat
  6948 | D:10     | Found the +18 shield of the Gong {Loud rN+ Will+ rCorr
                  | EV-5}
  7001 | D:10     | Found a hazy altar of Hepliaklqana.
  7128 | D:10     | Found a shimmering altar of Xom.
  7128 | D:10     | Found a shimmering altar of Xom.
  7128 | D:10     | Noticed a harpy
  7133 | D:10     | Found a shimmering altar of Xom.
  7133 | D:10     | Found a shimmering altar of Xom.
  7139 | D:10     | Found a shimmering altar of Xom.
  7146 | D:10     | Found a shimmering altar of Xom.
  7278 | D:10     | Found a staircase to the Lair.
  7565 | D:10     | Noticed a swamp dragon
  7567 | D:10     | Noticed an orb spider
  7594 | D:10     | Noticed a deep troll
  7616 | D:10     | Noticed a harpy
  7648 | Lair:1   | Entered Level 1 of the Lair of Beasts
  7672 | Lair:1   | Reached XP level 11. HP: 100/100 MP: 10/10
  7822 | Lair:1   | Reached skill level 15 in Unarmed Combat
  8054 | Lair:1   | Found a runed translucent gate.
  8054 | Lair:1   | Found a runed translucent gate.
  8057 | Lair:1   | Found a runed translucent gate.
  8058 | Lair:1   | Noticed Kocvedd's ghost (journeyman DDFi)
  8167 | Lair:1   | Found a corrupted altar of Lugonu.
  8167 | Lair:1   | Found a one-way gate to the infinite horrors of the Abyss.
  8897 | Lair:2   | Noticed a bog body
  8907 | Lair:2   | Killed a bog body
  8914 | Lair:2   | Found a staircase to the Swamp.
  8955 | Lair:2   | Found a staircase to the Snake Pit.
  9076 | Lair:2   | Reached skill level 5 in Shields
  9076 | Lair:2   | Reached skill level 1 in Shapeshifting
  9767 | Lair:3   | Noticed a death yak
  9769 | Lair:3   | Noticed a skyshark
  9771 | Lair:3   | Noticed a death yak
  9771 | Lair:3   | Noticed a death yak
  9778 | Lair:3   | HP: 3/100 [skyshark (5)]
  9779 | Lair:3   | Demolished by a skyshark

Illustrated notes

Levels and vault maps discovered:
D:1:      giann_wishing_wells, layout_loops_ring, grunt_decor_one_mirror
D:2:      layout_basic, shapermc_ecumenical_altar_hornbeckon
D:3:      layout_loops_ring, serial_shops, shop, hangedman_decor_push
D:4:      layout_rooms, minmay_three_crescents, uniq_duvessa
D:5:      layout_loops_corners, mainiacjoe_overflow_alcove_2,
          minmay_temple_entry_proselytizer, serial_demonic, serial_demonic_c,
          serial_demonic_a, serial_demonic_c, serial_demonic_c,
          serial_demonic_d, serial_shops, shop, kennysheep_another_room,
          saegor_snake_ambush, uniq_crazy_yiuf_cottage
D:6:      layout_loops_cross, nicolae_uskayaw_en_pointe,
          grunt_dithmenos_shadows, kennysheep_cross_room, minmay_manual_maat
D:7:      layout_basic
D:8:      layout_loops_cross, nicolae_overflow_crystal_walls, serial_shops, shop
D:9:      layout_cross, nicolae_qazlal_eye_of_the_storm, amcnicky_altar_gilded
D:10:     layout_loops_cross, xom_shifter_show,
          nicolae_hepliaklqana_hazy_memory, minmay_lair_entry_grove,
          hellmonk_guarded_unrand_gong
Temple:   dpeg_chambers_temple
Lair:1:   layout_long_grid, gammafunk_ghost_necromancy,
          amcnicky_altar_lugonu_corruption
Lair:2:   layout_roguey [special_room_bee], skrybe_swamp_entry_bodies,
          guppyfry_snake_entry_island
Lair:3:   layout_loops_ring, beast_lair_carwin_11, grunt_megastairs_2

Skill      XL: |  1  2  3  4  5  6  7  8  9 10 11 |
---------------+----------------------------------+-----
Unarmed Combat | 4 5 6 8 10 12 14 15 | 15.9
Dodging        | 3 4 5 |  5.9
Fighting       | 3 4 |  4.1
Shields        | 1 6 |  6.1
Throwing       | 1 2 |  2.3
Stealth        | 1 |  1.8
Shapeshifting  | 2 |  2.0

Action                     |  1- 3 |  4- 6 |  7- 9 | 10-12 || total
---------------------------+-------+-------+-------+-------++-------
  Melee: Unarmed           |    89 |   120 |   214 |   371 ||   794
         Punch             |     1 |     4 |     9 |     5 ||    19
  Throw: Dart              |       |     5 |    10 |     4 ||    19
 Invoke: Berserk           |       |     2 |     6 |     3 ||    11
         Brothers in Arms  |       |       |       |     3 ||     3
         Trog's Hand       |       |       |       |     2 ||     2
    Use: Scroll            |       |       |     8 |     1 ||     9
         Potion            |       |       |     2 |     2 ||     4
   Stab: Distracted        |       |       |       |     1 ||     1
 Armour: Animal skin       |    26 |    29 |    23 |       ||    78
         Steam dragon scal |       |       |    32 |    38 ||    70
  Dodge: Dodged            |    43 |    52 |    92 |    66 ||   253
  Block: Other             |       |     6 |    61 |    15 ||    82
         Reflection        |       |       |     3 |     5 ||     8
         Kite shield       |       |       |       |   389 ||   389
   Form: Dragon            |       |       |       |     1 ||     1

Table legend: (Time is in decaauts)
 A = Elapsed time spent in this place.
 B = Non-inter-level travel time spent in this place.
 C = Inter-level travel time spent in this place.
 D = Time resting spent in this place.
 E = Time spent auto-exploring this place.
 F = Levels seen in this place.
 G = Mean time per level.
                   A        B        C        D        E       F      G
               +--------+--------+--------+--------+--------+-----+--------+
         Total |   9750 |   9403 |    347 |    922 |   6506 |  14 |  696.4 |
       Dungeon |   7653 |   7383 |    270 |    647 |   5249 |  10 |  765.3 |
        Temple |      5 |      5 |      0 |      0 |      0 |   1 |    5.0 |
          Lair |   2091 |   2014 |     77 |    275 |   1257 |   3 |  697.0 |
               +--------+--------+--------+--------+--------+-----+--------+

Top non-repeatable levels by time:
     D:5: 1201 daAuts
     D:2: 1057 daAuts
  Lair:2: 1036 daAuts
  Lair:1: 1024 daAuts
    D:10: 1000 daAuts
     D:8: 877 daAuts
     D:3: 761 daAuts
     D:4: 729 daAuts
     D:6: 714 daAuts
     D:7: 629 daAuts
     D:9: 542 daAuts
     D:1: 139 daAuts
  Lair:3: 29 daAuts
  Temple: 5 daAuts
